 Dungeon Crawl Stone Soup version 0.23.1 (webtiles) character file.

Game seed: 14991733383797269328

27 Borgoz the Sneak (level 3, -1/27 HPs)
             Began as a Ghoul Enchanter on Mar 14, 2019.
             Slain by a worker ant (7 damage)
             ... on level 2 of the Dungeon.
             The game lasted 00:02:22 (1170 turns).

Borgoz the Sneak (Ghoul Enchanter)                  Turns: 1170, Time: 00:02:23

Health: -1/27      AC:  3    Str: 11    XL:     3   Next: 10%
Magic:  4/4        EV: 17    Int: 10    God:
Gold:   55         SH:  0    Dex: 15    Spells: 4/5 levels left

rFire    . . .     SeeInvis .   a - +1 dagger
rCold    + . .     Gourm    .   (no shield)
rNeg     + + +     Faith    .   b - +0 robe
rPois    ∞         Spirit   .   (no helmet)
rElec    .         Reflect  .   (no cloak)
rCorr    .         Harm     .   (no gloves)
MR       .....                  g - +0 pair of boots
Stlth    +++.......             (no amulet)
HPRegen  0.00/turn              (no ring)
MPRegen  0.09/turn              (no ring)

@: agile, rotting
A: rotting body, claws 1, carnivore, cold resistance 1, negative energy
resistance 3, inhibited regeneration, torment resistance, unbreathing
a: no special abilities


You were on level 2 of the Dungeon.
You were not hungry.

You visited 1 branch of the dungeon, and saw 2 of its levels.

You collected 55 gold pieces.

Inventory:

Hand Weapons
 a - a +1 dagger (weapon)
Armour
 b - a +0 robe (worn)
 g - a +0 pair of boots (worn)
Scrolls
 c - a scroll of amnesia {unknown}
 h - 3 scrolls of identify {unknown}
 i - a scroll of remove curse {unknown}
 j - a scroll of teleportation {unknown}
 k - a scroll of immolation {unknown}
Comestibles
 d - 3 rations
 l - 2 chunks of flesh


   Skills:
 + Level 0.5 Fighting
 * Level 1.5 Short Blades
 * Level 0.4 Armour
 * Level 2.0 Dodging
 + Level 3.3 Stealth
 + Level 1.8 Spellcasting
 * Level 2.7 Hexes


You had 4 spell levels left.
You knew the following spells:

 Your Spells              Type           Power        Failure   Level  Hunger
a - Corona                Hex            #......      11%         1    ##.....

Your spell library contained the following spells:

 Spells                   Type           Power        Failure   Level  Hunger
 Ensorcelled Hibernation  Hex/Ice        #.....       28%         2    ###....
 Confuse                  Hex            #.......     30%         3    ####...
 Tukima's Dance           Hex            #.......     30%         3    ####...
 Dazzling Spray           Conj/Hex       #.....       50%         3    ####...


Dungeon Overview and Level Annotations

Branches:
Dungeon (2/15)

Altars:


Innate Abilities, Weirdness & Mutations

Your body is rotting away.
You thrive on raw meat.
You are immune to poison.
You have sharp fingernails.
You are carnivorous and can eat meat at any time.
Your flesh is cold resistant. (rC+)
You are immune to negative energy. (rN+++)
You do not regenerate when monsters are visible.
You are immune to unholy pain and torment.
You can survive without breathing.


Message History

The worker ant is almost dead.
The worker ant closely misses you.
You hit the worker ant but do no damage.
The worker ant is almost dead.
The worker ant closely misses you.
You barely miss the worker ant.
The worker ant is almost dead.
The worker ant closely misses you.
You hit the worker ant.
The worker ant is almost dead.
The worker ant bites you.
A ball python comes into view.
You barely miss the worker ant.
The worker ant is almost dead.
The worker ant bites you.
* * * LOW HITPOINT WARNING * * *
You barely miss the worker ant.
The worker ant is almost dead.
The worker ant bites you!
You die...

..######...#
..........########
..######........÷#
. #..######.###
###. ##...........#
#....#....#########
##...#...##..##
g#...#...#....#
b#...#...#@#..##
.#..#.#..#a##..#
.#..#.#..#.?#..#
##..#.#..####..#
#..##.##..##..##
%..#...#......#
..##...##÷.).##
#./.. ##..## ..#.
####


You could see a worker ant.

Vanquished Creatures
  4 goblins
  5 hobgoblins (D:1)
  5 bats
  3 frilled lizards
  4 kobolds
  7 rats (D:1)
28 creatures vanquished.

Notes
Turn   | Place    | Note
-------+----------+-------------------------------------------
     0 | D:1      | Borgoz the Ghoul Enchanter began the quest for the Orb.
     0 | D:1      | Reached XP level 1. HP: 14/14 MP: 2/2
   303 | D:1      | Reached skill level 1 in Short Blades
   310 | D:1      | Reached XP level 2. HP: 7/20 MP: 3/3
  1084 | D:2      | Reached XP level 3. HP: 27/27 MP: 4/4
  1170 | D:2      | Slain by a worker ant

Skill      XL: |  1  2 |
---------------+-------+-----
Short Blades   | 1 |  1.5
Dodging        | 2 |  2.0
Fighting       | |  0.5
Armour         | |  0.4
Stealth        | |  3.3
Spellcasting   | |  1.8
Hexes          | |  2.7

Action                   || total
-------------------------++-------
Melee: Dagger            ||   107
  Use: Potion            ||     2
 Stab: Sleeping          ||     6
  Eat: Chunk             ||     8
Armor: Robe              ||    27
Dodge: Dodged            ||    60
